 Dungeon Crawl Stone Soup version 0.27-a0-1324-ge0d8e047f6 (webtiles) character file.

Game seed: 14292250450667945409

214 kae the Chopper (level 5, -9/48 HPs)
             Began as a Hill Orc Fighter on June 23, 2021.
             Killed by divine providence
             ... invoked by an orc priest
              (12 damage)
             ... on level 4 of the Dungeon.
             The game lasted 00:02:11 (4467 turns).

kae the Chopper (Hill Orc Fighter)                  Turns: 4467, Time: 00:02:12

Health: -9/48      AC:  9    Str: 20    XL:     5   Next: 91%
Magic:  5/5        EV:  7    Int:  8    God:
Gold:   182        SH:  9    Dex: 10    Spells: 4/4 levels left

rFire    . . .     SeeInvis .   a - +0 war axe
rCold    . . .     Faith    .   c - +0 kite shield
rNeg     . . .     Spirit   .   b - +0 scale mail
rPois    .         Reflect  .   (no helmet)
rElec    .         Harm     .   (no cloak)
rCorr    .         Rampage  .   (no gloves)
Will     .....                  k - +1 pair of boots
Stlth    ..........             (no amulet)
HPRegen  0.16/turn              (no ring)
MPRegen  0.09/turn              (no ring)

@: no status effects
A: no striking features
a: Convert to Beogh


You were on level 4 of the Dungeon.
You visited 1 branch of the dungeon, and saw 4 of its levels.

You collected 182 gold pieces.

Inventory:

Hand Weapons
 a - a +0 war axe (weapon)
Armour
 b - a +0 scale mail (worn)
 c - a +0 kite shield (worn)
 k - a +1 pair of boots (worn)
Jewellery
 m - an amulet of faith
 p - a ring of protection from cold
 s - an amulet of regeneration
Wands
 r - a wand of flame (22)
Scrolls
 e - a scroll of teleportation
 q - a scroll of fog {unknown}
 t - a scroll of identify
 u - a scroll of vulnerability {unknown}
Potions
 d - 2 potions of might
 f - 3 potions of curing
 g - a potion of attraction
 h - a potion of lignification
 i - a potion of invisibility
 j - a potion of haste {unknown}
 l - a potion of heal wounds {unknown}
 n - a potion of magic {unknown}
 o - a potion of brilliance {unknown}


   Skills:
 + Level 5.2 Fighting
 * Level 6.6 Axes
 - Level 3.2 Armour
 - Level 3.2 Shields


You had 4 spell levels left.
You didn't know any spells.
Your spell library was empty.

Dungeon Overview and Level Annotations

Branches:
Dungeon (4/15)
 Temple: D:4-7

Altars:
Uskayaw

Shops:
D:4 =


Message History

You resist with some effort.
The orc priest shouts, "Join the one true god or die!"
You hit the orc wizard.
The orc wizard is lightly wounded.
You block the orc wizard's attack.
Your shield and scale mail prevent you from hitting the orc wizard.
The orc wizard is lightly wounded.
The orc priest shouts, "Join the one true god or die!"
You block the orc wizard's attack.
The orc wizard hits you with a +0 dagger.
You slash the orc wizard!
The orc wizard is severely wounded.
You block the orc wizard's attack.
You closely miss the orc wizard.
The orc wizard is severely wounded.
The orc wizard hits you but does no damage.
The orc wizard casts a spell at you. You resist with some effort.
The orc priest invokes the aid of Beogh against you.
Beogh smites you!
You are too injured to fight recklessly!
You are too injured to fight recklessly!
You slash the orc wizard!
You kill the orc wizard!
The orc priest calls down the wrath of Beogh upon you.
Beogh smites you!
The orc priest shouts, "Surrender to Beogh and we'll let you live!"
You are too injured to fight recklessly!
You are too injured to fight recklessly!
You completely miss the orc priest. You block the orc priest's attack.
The orc priest invokes the aid of Beogh against you.
Beogh smites you!
* * * LOW HITPOINT WARNING * * *
The orc priest hits you but does no damage.
You slash the orc priest!
The orc priest is almost dead.
The orc priest hits you but does no damage.
The orc priest invokes the aid of Beogh against you.
Beogh smites you!
You die...

.### ...# ##.# ### .#.#
..# .#.# #.# .#.# #.#
.#.# ###.####.# .#.#
#........# .#.#
#########.#@###### ...#
........#.#o#
############.#.#o...oo..
........#....#.#########
#######.#..............
#.######.########
#........# #.########
#.#


You could see 2 orc priests.

Vanquished Creatures
  A hound (D:4)
  A bullfrog skeleton (D:4)
  An orc wizard (D:4)
  Robin (D:2)
  A howler monkey skeleton (D:4)
  An adder (D:2)
  An adder skeleton (D:4)
  3 worms
  A dart slug (D:1)
  An orc (D:4)
  5 bats
  7 endoplasms
  2 giant cockroaches
  13 goblins
  7 hobgoblins
  10 jackals
  3 quokkas
  5 ball pythons
  11 frilled lizards
  7 kobolds
  4 rats
86 creatures vanquished.

Vanquished Creatures (others)
  2 plants (D:2)
2 creatures vanquished.

Grand Total: 88 creatures vanquished

Notes
Turn   | Place    | Note
-------+----------+-------------------------------------------
     0 | D:1      | kae the Hill Orc Fighter began the quest for the Orb.
     0 | D:1      | Reached XP level 1. HP: 19/19 MP: 1/1
   123 | D:1      | Reached skill level 3 in Axes
   138 | D:1      | Reached XP level 2. HP: 23/27 MP: 2/2
   583 | D:1      | Reached skill level 4 in Axes
   672 | D:1      | Reached XP level 3. HP: 33/33 MP: 3/3
  1617 | D:2      | Reached XP level 4. HP: 41/41 MP: 4/4
  1740 | D:2      | Reached skill level 5 in Axes
  1834 | D:2      | Found a faded altar of an unknown god.
  2181 | D:2      | Found a hide-covered altar of Uskayaw.
  2184 | D:2      | Noticed Robin
  2195 | D:2      | Killed Robin
  3646 | D:4      | Reached XP level 5. HP: 47/47 MP: 5/5
  3892 | D:4      | Noticed an ogre
  4127 | D:4      | Reached skill level 6 in Axes
  4174 | D:4      | Reached skill level 5 in Fighting
  4342 | D:4      | Found Inko's Jewellery Shoppe.
  4466 | D:4      | HP: 2/48 [orc priest/divine providence (14)]
  4467 | D:4      | Killed from afar by an orc priest

Illustrated notes

Levels and vault maps discovered:
D:1:      psy_arrival_dodecagon, layout_loops_ring, minmay_lizard_pond
D:2:      layout_loops_corners, serial_forest, infiniplex_forest_straight_1,
          infiniplex_forest_lined_3, infiniplex_forest_lined_3_way,
          infiniplex_forest_clump_curved, infiniplex_forest_zigzag_1,
          basic_altar, basic_ecumenical_altar, dk_vineyard_3, uniq_robin
D:3:      layout_basic
D:4:      minmay_diamond_boxcup, layout_basic, serial_shops,
          nicolae_shop_statue_plus

Skill      XL: |  1  2  3  4  5 |
---------------+----------------+-----
Axes           | 3 4 5 6 |  6.6
Fighting       | 4 5 |  5.2
Armour         | |  3.2
Shields        | |  3.2

Action                   |  1- 3 |  4- 6 || total
-------------------------+-------+-------++-------
Melee: War axe           |   148 |   114 ||   262
  Use: Scroll            |     2 |     6 ||     8
Armor: Scale mail        |    83 |    47 ||   130
Dodge: Dodged            |    54 |    24 ||    78
Block: Kite shield       |    76 |    48 ||   124

Table legend: (Time is in decaauts)
 A = Elapsed time spent in this place.
 B = Non-inter-level travel time spent in this place.
 C = Inter-level travel time spent in this place.
 D = Time resting spent in this place.
 E = Time spent auto-exploring this place.
 F = Levels seen in this place.
 G = Mean time per level.
                   A        B        C        D        E       F      G
               +--------+--------+--------+--------+--------+-----+--------+
         Total |   4599 |   4535 |     64 |    266 |   3560 |   4 | 1149.8 |
       Dungeon |   4599 |   4535 |     64 |    266 |   3560 |   4 | 1149.8 |
               +--------+--------+--------+--------+--------+-----+--------+

Top non-repeatable levels by time:
     D:2: 1640 daAuts
     D:1: 1164 daAuts
     D:4: 931 daAuts
     D:3: 861 daAuts
